 Dungeon Sprint DCSS version 0.30-a0-652-gcc886f7154 (webtiles) character file.

Game seed: 13956870893896188220

3292 BigDaddyOpFi the Gargoyle Cataclysm (level 10, -1/68 HPs)
             Began as a Gargoyle Fighter on Jan 17, 2023.
             Was a High Priest of Qazlal.
             Slain by a merfolk
             ... wielding a +0 trident of flaming
              (7 damage)
             ... in the Dungeon (Sprint VII: "The Pits").
             The game lasted 00:02:25 (1818 turns).

BigDaddyOpFi the Gargoyle Cataclysm (GrFi)          Turns: 1818, Time: 00:02:25

Health: -1/68      AC: 31    Str: 24    XL:     10   Next: 1%
Magic:  20/20      EV:  7    Int:  9    God:    Qazlal [*****.]
Gold:   0          SH: 12    Dex:  9    Spells: 9/9 levels left

rFire   + . .      SeeInvis .    q - +1 broad axe (heavy)
rCold   . . .      Faith    .    c - +0 buckler
rNeg    + . .      Spirit   .    p - +3 plate armour {Will+}
rPois   ∞          Reflect  .    (no helmet)
rElec   +          Harm     .    (no cloak)
rCorr   .          Rampage  .    (no gloves)
Will    +....      NoTele   +    (no boots) Stlth
                                 (no amulet)
HPRegen 0.31/turn                b - +3 ring of protection
MPRegen 0.17/turn                m - +3 ring of protection

@: protected from fire, slowed, repel missiles, very slow
A: sickness immunity, AC +7, negative energy resistance 1, electricity
resistance, torment resistance 1, petrification resistance
a: Renounce Religion, Upheaval, Elemental Force, Disaster Area


You were in the Dungeon.
You worshipped Qazlal.
Qazlal was extremely pleased with you.
You visited 1 branch

Inventory:

Hand Weapons
 q - a +1 heavy broad axe (weapon)
Armour
 c - a +0 buckler (worn)
 p - a +3 plate armour of willpower (worn)
Jewellery
 b - a +3 ring of protection (left hand)
 m - a +3 ring of protection (right hand)
Scrolls
 j - a scroll of blinking
Potions
 d - 11 potions of heal wounds
 e - 6 potions of curing
 f - 2 potions of resistance
 g - a potion of haste
 h - 4 potions of magic
 i - 3 potions of berserk rage
 k - 2 potions of invisibility
 n - 2 potions of brilliance
 o - a potion of mutation


   Skills:
 + Level 10.9 Fighting
 + Level 8.8 Axes
 + Level 10.9 Armour
 + Level 10.8 Shields
 * Level 14.0 Invocations


You had 9 spell levels left.
You didn't know any spells.
Your spell library was empty.

Dungeon Overview and Level Annotations

Branches:
Dungeon (1/1)

Altars:
Ashenzari
Cheibriados
Dithmenos
Elyvilon
Fedhas
Gozag
Hepliaklqana
Kikubaaqudgha
Makhleb
Nemelex Xobeh
Okawaru
Qazlal
Ru
Sif Muna
Trog
Uskayaw
Vehumet
Wu Jian
Xom
Yredelemnul
Zin
The Shining One
Jiyva
Lugonu


Innate Abilities, Weirdness & Mutations

You are immune to sickness and miasma.
Your stone body is resilient. (AC +7)
You are immune to poison.
You resist negative energy. (rN+)
You are resistant to electric shocks. (rElec)
You are resistant to unholy torment.
You are immune to petrification.


Message History

The merfolk is moderately wounded.
You closely miss the hell rat. You block the hell rat's attack.
You block the merfolk's attack.
The merfolk hits you with a +0 trident of flaming.
The merfolk burns you.
You closely miss the merfolk.
The merfolk is moderately wounded.
You closely miss the tyrant leech.
The merfolk hits you with a +0 trident of flaming.
You feel protected from physical attacks.
Your resistance to physical damage fades away.
You feel protected from fire. The merfolk burns you.
You block the tyrant leech's attack.
The hell rat is struck by lightning.
You kill the hell rat!
Qazlal accepts your kill. You block the merfolk's attack.
The tyrant leech bites you!
You closely miss the merfolk.
The merfolk is moderately wounded.
You barely miss something. You barely miss the tyrant leech.
Something hits you but does no damage.
Deactivating autopickup; reactivate with Ctrl-A.
The merfolk hits you but does no damage.
Something hits you but does no damage. The tyrant leech closely misses you.
The merfolk hits you but does no damage.
You slash the merfolk!
The merfolk is heavily wounded.
You slash something! You miss the tyrant leech.
Something hits you but does no damage. The tyrant leech bites you!
You block the merfolk's attack. Something hits you.
Something drains your vigour!
You feel yourself slow down.
The tyrant leech bites you but does no damage.
The merfolk hits you with a +0 trident of flaming!
* * * LOW HITPOINT WARNING * * *
Your resistance to fire fades away.
You feel protected from physical attacks.
Your resistance to physical damage fades away.
You feel protected from fire. The merfolk burns you!
You die...

#####'÷######
...##''#########
...##......#.÷.+
...##..≈.###...#
...##...##.+..) ##
...##≈.##..##'## .##
...##.≈#.(##...##..+
...##..#..#...☼○#.○#
#####..'..'....°@m.+
#####..#..#...°§#w§#
.[[##..#(.##...##..+
.[.##..##..##'## .##
.))##.≈.##.+...+ ##
.))##....###...#
.[)##......#...+
################


You could see a tyrant leech and a merfolk.

Vanquished Creatures
  A swamp dragon (D)
  A lindwurm (D)
  2 cyclopes (D)
  An elephant (D)
  A hornet (D)
  4 vampire mosquitoes (D)
  A redback (D)
  3 ice beasts (D)
  A kobold brigand (D)
  A scorpion (D)
  A wight (D)
  A quasit (D)
  A hound (D)
  A jelly (D)
  A hell rat (D)
  2 gnolls (D)
  A white imp (D)
  An ufetubus (D)
  A worm (D)
  An orc (D)
  An endoplasm (D)
  3 giant cockroaches (D)
  2 goblins (D)
  A hobgoblin (D)
  2 jackals (D)
  A kobold (D)
  A quokka (D)
  A ball python (D)
39 creatures vanquished.

Vanquished Creatures (others)
  A kobold (D)
1 creature vanquished.

Grand Total: 40 creatures vanquished

Notes
Turn   | Place    | Note
-------+----------+-------------------------------------------
     0 | D        | BigDaddyOpFi the Gargoyle Fighter began the quest for the
                  | Orb.
     0 | D        | Reached XP level 1. HP: 14/14 MP: 1/1
    17 | D        | Found a bloodstained altar of Trog.
    17 | D        | Found a shimmering blue altar of Sif Muna.
    17 | D        | Found a viscous altar of Jiyva.
    17 | D        | Found a hazy altar of Hepliaklqana.
    17 | D        | Found an opulent altar of Gozag.
    18 | D        | Found a glowing golden altar of the Shining One.
    18 | D        | Found a glowing silver altar of Zin.
    18 | D        | Found a basalt altar of Yredelemnul.
    18 | D        | Found a shimmering altar of Xom.
    18 | D        | Found an ornate altar of the Wu Jian Council.
    18 | D        | Found a sacrificial altar of Ru.
    18 | D        | Found a stormy altar of Qazlal.
    18 | D        | Found an iron altar of Okawaru.
    18 | D        | Found a sparkling altar of Nemelex Xobeh.
    18 | D        | Found a burning altar of Makhleb.
    18 | D        | Found a blossoming altar of Fedhas.
    18 | D        | Found a white marble altar of Elyvilon.
    18 | D        | Found a shadowy altar of Dithmenos.
    18 | D        | Found a snail-covered altar of Cheibriados.
    20 | D        | Found a corrupted altar of Lugonu.
    20 | D        | Found a radiant altar of Vehumet.
    21 | D        | Found an ancient bone altar of Kikubaaqudgha.
    21 | D        | Found a hide-covered altar of Uskayaw.
    21 | D        | Found a broken altar of Ashenzari.
    24 | D        | Became a worshipper of Qazlal Stormbringer
    50 | D        | Reached XP level 2. HP: 20/20 MP: 2/2
   162 | D        | Reached * piety under Qazlal
   163 | D        | Reached skill level 1 in Invocations
   206 | D        | Reached ** piety under Qazlal
   218 | D        | Reached skill level 2 in Invocations
   218 | D        | Reached XP level 3. HP: 24/24 MP: 4/4
   220 | D        | Reached skill level 3 in Invocations
   285 | D        | Noticed a kobold brigand
   289 | D        | Reached *** piety under Qazlal
   309 | D        | Reached skill level 5 in Fighting
   309 | D        | Reached skill level 5 in Armour
   309 | D        | Reached skill level 5 in Shields
   309 | D        | Reached skill level 4 in Invocations
   309 | D        | Reached XP level 4. HP: 25/31 MP: 5/7
   319 | D        | Killed a kobold brigand
   320 | D        | Reached skill level 6 in Invocations
   320 | D        | Reached XP level 5. HP: 18/36 MP: 6/9
   324 | D        | Reached **** piety under Qazlal
   550 | D        | Reached skill level 7 in Invocations
   558 | D        | Noticed a redback
   563 | D        | Killed a redback
   564 | D        | Reached skill level 5 in Axes
   564 | D        | Reached skill level 8 in Invocations
   564 | D        | Reached XP level 6. HP: 36/42 MP: 10/12
   610 | D        | Noticed an ice beast
   610 | D        | Noticed an ice beast
   625 | D        | Killed an ice beast
   626 | D        | Reached XP level 7. HP: 41/48 MP: 13/13
   626 | D        | Reached ***** piety under Qazlal
   635 | D        | Reached skill level 9 in Invocations
   774 | D        | Noticed a vampire mosquito
   774 | D        | Noticed a vampire mosquito
   774 | D        | Noticed a vampire mosquito
   774 | D        | Noticed a vampire mosquito
   775 | D        | Killed a vampire mosquito
   775 | D        | Killed a vampire mosquito
   775 | D        | Killed a vampire mosquito
   775 | D        | Killed a vampire mosquito
   776 | D        | Reached skill level 11 in Invocations
   776 | D        | Reached XP level 8. HP: 55/55 MP: 5/16
  1087 | D        | Noticed an elephant
  1092 | D        | Killed an elephant
  1098 | D        | Noticed a swamp dragon
  1100 | D        | Noticed a hornet
  1105 | D        | Killed a hornet
  1106 | D        | Killed a swamp dragon
  1107 | D        | Reached skill level 12 in Invocations
  1107 | D        | Reached XP level 9. HP: 37/62 MP: 8/18
  1328 | D        | Noticed a cyclops
  1328 | D        | Noticed a cyclops
  1330 | D        | Killed a cyclops
  1331 | D        | Reached skill level 10 in Fighting
  1331 | D        | Reached skill level 10 in Armour
  1331 | D        | Reached skill level 10 in Shields
  1331 | D        | Reached skill level 13 in Invocations
  1333 | D        | Killed a cyclops
  1465 | D        | Noticed a lindwurm
  1466 | D        | Killed a lindwurm
  1467 | D        | Reached skill level 14 in Invocations
  1521 | D        | Reached XP level 10. HP: 68/68 MP: 20/20
  1818 | D        | Slain by a merfolk

Illustrated notes

Levels and vault maps discovered:
D:        pitsprint [storerooms_1, entrance_room_1, metal_vault_6, armoury_2,
          mini_pit_1, grid_room_1, main_hall_1, silver_pit, the_coven_1,
          the_vestibule_1, steel_vault_3, golden_pit, hallway_of_sentries,
          crystal_vault_6, iron_vault_5, final_vault]

Skill      XL: |  1  2  3  4  5  6  7  8  9 |
---------------+----------------------------+-----
Axes           | 2 3 4 5 6 7 8 |  8.8
Invocations    | 2 4 6 8 11 12 14 | 14.0
Fighting       | 4 5 6 7 8 9 10 | 10.9
Armour         | 4 5 7 8 9 10 | 10.9
Shields        | 4 5 6 7 8 9 10 | 10.8

Action                   |  1- 3 |  4- 6 |  7- 9 | 10-12 || total
-------------------------+-------+-------+-------+-------++-------
Melee: War axe           |    38 |    50 |    11 |       ||    99
       Broad axe         |       |       |     9 |     5 ||    14
Invok: Disaster Area     |       |       |     5 |       ||     5
       Upheaval          |       |       |     1 |       ||     1
  Use: Potion            |     2 |     2 |       |       ||     4
Armor: Scale mail        |     4 |       |       |       ||     4
       Plate armour      |    53 |    23 |    15 |     7 ||    98
Dodge: Dodged            |    24 |    10 |     5 |     2 ||    41
Block: Buckler           |    27 |    22 |    17 |     8 ||    74

Table legend: (Time is in decaauts)
 A = Elapsed time spent in this place.
 B = Non-inter-level travel time spent in this place.
 C = Inter-level travel time spent in this place.
 D = Time resting spent in this place.
 E = Time spent auto-exploring this place.
 F = Levels seen in this place.
 G = Mean time per level.
                   A        B        C        D        E       F      G
               +--------+--------+--------+--------+--------+-----+--------+
         Total |   1859 |   1789 |     70 |   1376 |      0 |   1 | 1859.0 |
       Dungeon |   1859 |   1789 |     70 |   1376 |      0 |   1 | 1859.0 |
               +--------+--------+--------+--------+--------+-----+--------+

Top non-repeatable levels by time:
       D: 1859 daAuts
